 Dungeon Crawl Stone Soup version 0.22-a0-456-g11ed031 (webtiles) character file.

156970 galech the Warrior (level 17, 0/189 HPs)
             Began as an Ogre Berserker on June 6, 2018.
             Was a High Priest of Trog.
             Killed from afar by an ice dragon (60 damage)
             ... with a blast of cold
             ... on level 2 of the Depths.
             The game lasted 01:07:04 (38695 turns).

galech the Warrior (Ogre Berserker)                Turns: 38695, Time: 01:07:05

Health: 0/189      AC: 14    Str: 30    XL:     17   Next: 68%
Magic:  17/17      EV: 18    Int:  8    God:    Trog [*****.]
Gold:   1283       SH: 21    Dex: 13    Spells: 16/16 levels left

rFire    + + +     SeeInvis .   f - +8 eveningstar (flame)
rCold    x . .     Gourm    .   l - +0 large shield
rNeg     + . .     Faith    .   p - +0 fire dragon scales
rPois    .         Spirit   .   (helmet restricted)
rElec    +         Reflect  .   U - +0 cloak {rF+}
rCorr    .         Harm     .   (gloves unavailable)
MR       +....                  (boots unavailable)
Stlth    +.........             x - amulet of Eruikam {RegenMP rElec rN+ Dex+5}
HPRegen  0.41/turn              o - +3 ring of protection
MPRegen  0.40/turn              R - +4 ring of evasion

@: no status effects
A: large, unfitting armour, tough skin 1
a: Berserk, Trog's Hand, Brothers in Arms, Renounce Religion


You were on level 2 of the Depths.
You worshipped Trog.
Trog was extremely pleased with you.
You were hungry.

You visited 4 branches of the dungeon, and saw 25 of its levels.
You also visited: Ice Cave and Volcano.

You collected 2993 gold pieces.
You spent 1710 gold pieces at shops.

Inventory:

Hand Weapons
 b - a +1 morningstar of protection
 f - a +8 eveningstar of flaming (weapon)
 i - a +1 dire flail of draining
 j - a +2 flail of protection
 k - a +9 antimagic giant club
 T - a +0 flail of crushing
 V - a +3 antimagic dire flail
Armour
 l - a +0 large shield (worn)
 p - +0 fire dragon scales (worn)
 D - a +1 robe of magic resistance
 M - a +1 cloak
 U - a +0 cloak of fire resistance (worn)
Jewellery
 o - a +3 ring of protection (left hand)
 x - the amulet of Eruikam (around neck) {RegenMP rElec rN+ Dex+5}
   (You took it off a tengu reaver on level 1 of the Depths)

   [amulet of magic regeneration]

   It increases your magic regeneration.
   It affects your dexterity (+5).
   It insulates you from electricity.
   It protects you from negative energy.
 y - an uncursed ring of poison resistance
 L - a +2 amulet of reflection
 R - a +4 ring of evasion (right hand)
 W - an uncursed ring of protection from fire
Wands
 A - a wand of iceblast (30)
 E - a wand of acid (11)
 I - a wand of paralysis (46)
 K - a wand of digging (13)
 P - a wand of flame (41)
Scrolls
 d - 3 scrolls of magic mapping
 e - 7 scrolls of teleportation
 h - 5 scrolls of identify
 m - 4 scrolls of fear
 t - 6 scrolls of enchant armour
 v - 10 scrolls of remove curse
 B - 2 scrolls of acquirement
 C - 4 scrolls of fog
 N - 2 scrolls of blinking
 O - a scroll of holy word
 Q - a scroll of brand weapon {unknown}
Potions
 a - 7 potions of curing
 g - 7 potions of heal wounds {unknown}
 n - 2 potions of magic {unknown}
 q - a potion of mutation {unknown}
 r - 7 potions of berserk rage
 s - 8 potions of lignification
 u - a potion of flight
 w - 4 potions of brilliance
 F - a potion of agility
 H - 2 potions of ambrosia
 J - 5 potions of haste
 S - 2 potions of cancellation
 Y - 2 potions of invisibility
 Z - 3 potions of resistance
Comestibles
 c - 17 rations


   Skills:
 + Level 16.6 Fighting
 + Level 16.2 Maces & Flails
 + Level 4.0 Armour
 + Level 12.3 Dodging
 + Level 4.9 Stealth
 + Level 14.7 Shields
 + Level 0.4 Evocations


You had 16 spell levels left.
You didn't know any spells.
Your spell library was empty.

Dungeon Overview and Level Annotations

Branches:
Dungeon (15/15)            Temple (0/1) D:7            Lair (6/6) D:8
  Swamp (0/4) Lair:3       Spider (0/4) Lair:2        Slime (0/5) Lair:6
    Orc (2/2) D:11            Elf (0/3) Orc:2        Vaults (0/5) D:14
 Depths (2/5) D:15

Altars:
Cheibriados
Dithmenos
Elyvilon
Nemelex Xobeh
Qazlal
Trog
Vehumet
Wu Jian
Xom
Yredelemnul
Zin
Jiyva

Shops:
D:11 (   Orc:1 }=?   Orc:2 **[*

Portals:
Hell: Depths:1 Depths:2
Ziggurat: Depths:1


Innate Abilities, Weirdness & Mutations

You are too large for most types of armour.
You have tough skin. (AC +1)


Message History

You are too injured to fight recklessly!
You are too injured to fight recklessly!
You are too injured to fight recklessly!
You are too injured to fight recklessly!
You are too injured to fight recklessly!
You impale the juggernaut simulacrum!!
You melt the juggernaut simulacrum.
The juggernaut simulacrum vapourises!
Trog accepts your kill.
Your Armour skill increases to level 4!
There is a stone staircase leading up here.
v - 10 scrolls of remove curse (gained 1)
You start resting.
The ice dragon is too close now for your liking.
The ice dragon breathes frost at you. The blast of cold hits you!
You feel a terrible chill!
You hear a shout!
There is a stone staircase leading up here.
The ice dragon breathes frost at you. The blast of cold hits you!
You feel a terrible chill!
You die...

##. #.. #...
#... ##...#####
..........#
≈...#...@.#
.e........#
###...##### #D.
#.[ §.. #. #...
... # #... ....
###
###...#####...#
..#
..........#C..
<.#
.........§'.


You could see an ice dragon and a deep elf annihilator.

Vanquished Creatures
  Rupert (Lair:3)
  A lich (Depths:2)
  2 tengu reavers
  A frost giant (Depths:2)
  A fire giant (Depths:2)
  2 war gargoyles (Depths:2)
  5 stone giants (Depths:1)
  Nessos (Lair:4)
  A deep elf annihilator (Depths:2)
  A lorocyproca (Depths:2)
  3 spark wasps (Depths:2)
  5 ettins
  Josephine (D:10)
  3 fire dragons
  2 ice dragons
  Erolcha (D:10)
  Harold (Lair:4)
  5 hydras
  2 spriggan air magi (Depths:2)
  5 centaur warriors
  A juggernaut simulacrum (Depths:2)
  2 catoblepae (Depths:2)
  21 two-headed ogres
  3 ogre magi
  2 deep troll earth magi
  3 tengu warriors (Depths:1)
  A vampire mage (D:15)
  A dancing weapon (Depths:2)
  Nergalle (Lair:1)
  A flayed ghost (D:15)
  The ghost of galech the Skirmisher, a novice OgBe of Trog (D:5)
  2 unseen horrors
  3 deep trolls (Depths:1)
  8 skeletal warriors
  A tengu zombie (D:15)
  4 lindwurms
  A deep elf archer (D:14)
  A wizard (Depths:1)
  4 orc knights
  A wolf spider (Lair:6)
  A wolf spider zombie (D:14)
  2 orc sorcerers (Orc:1)
  2 necromancers
  7 deep elf magi
  A faun (shapeshifter) (Depths:2)
  20 ugly things
  3 cyclopes
  3 manticores
  A stone giant skeleton (D:15)
  6 elephants (Lair:4)
  Maurice (D:10)
  A guardian serpent (Lair:6)
  A black mamba (shapeshifter) (Depths:1)
  A naga mage (Depths:2)
  8 black mambas
  5 torpor snails (Lair:6)
  2 ice statues (IceCv)
  10 spiny frogs
  2 molten gargoyles (Volcano)
  2 gargoyles (D:12)
  3 efreet
  4 yaktaurs
  The ghost of jerryfan the Cutter, a novice HaGl (D:4)
  7 komodo dragons
  2 rime drakes
  8 ice devils (IceCv)
  A tengu conjurer (Depths:1)
  3 polar bears
  7 trolls
  A jumping spider (shapeshifter) (Depths:2)
  Grinder (D:4)
  13 hornets
  3 tyrant leeches (Lair:6)
  2 harpy skeletons (D:15)
  An ettin zombie (D:15)
  11 slime creatures
  7 dream sheep (Lair:6)
  16 blink frogs
  A fire dragon zombie (D:15)
  13 hippogriffs
  A meliai zombie (D:12)
  The ghost of galech the Skirmisher, an amateur OgBe of Trog (D:3)
  A shadow (D:11)
  6 wraiths
  9 wyverns
  3 redbacks (Lair:6)
  3 water elementals (D:13)
  7 spriggans (Lair:1)
  26 yaks
  5 fire elementals (Volcano)
  A hungry ghost (D:11)
  A vampire (D:14)
  5 basilisks
  2 insubstantial wisps (Lair:3)
  10 porcupines
  2 soldier ants
  24 water moccasins
  36 orc warriors
  8 ice beasts
  A hornet zombie (D:9)
  3 sky beasts
  3 phantoms
  An eye of draining (D:10)
  A necrophage (D:5)
  18 ogres
  4 wolves (Lair:3)
  27 centaurs
  13 crocodiles
  5 big kobolds
  4 earth elementals (Volcano)
  19 bullfrogs
  A wyvern zombie (D:13)
  3 wyvern skeletons
  5 jellies
  4 scorpions
  4 wights
  15 killer bees
  6 electric eels
  6 crimson imps
  5 howler monkeys
  A bullfrog zombie (D:12)
  7 orc priests
  10 hounds
  4 centaur zombies
  3 draconian simulacra (IceCv)
  7 bullfrog skeletons
  8 centaur skeletons
  An iron imp (Depths:1)
  Jessica (D:3)
  15 orc wizards
  Terence (D:3)
  3 iguanas
  5 hell rats (Lair:3)
  3 troll simulacra (IceCv)
  11 worker ants
  A spriggan simulacrum (IceCv)
  A hound zombie (D:7)
  3 hound skeletons
  A howler monkey zombie (D:9)
  2 worker ant zombies
  3 gnolls (D:5)
  An ogre simulacrum (IceCv)
  11 adders
  2 naga simulacra (IceCv)
  3 shadow imps
  12 white imps (D:13)
  3 oozes
  An adder skeleton (D:8)
  7 worms
  2 dart slugs
  6 leopard geckos
  73 orcs
  A ball python (D:2)
  5 bats
  9 giant cockroaches
  5 goblins
  4 hobgoblins
  16 jackals
  4 quokkas
  4 frilled lizards
  A jackal zombie (D:5)
  28 kobolds
  4 rats
  A butterfly (D:2)
  A fire vortex (Volcano)
  A plant (Lair:6)
885 creatures vanquished.

Vanquished Creatures (others)
  A centaur warrior (D:15)
  A cyclops (D:12)
  5 dream sheep (Lair:5)
  A porcupine (Lair:1)
  A centaur (D:14)
  An orc wizard (D:9)
  2 orcs
  A jackal (D:3)
  A quokka zombie (D:9)
  A fire vortex (Volcano)
  18 fungi
  47 plants
  A withered plant (D:15)
81 creatures vanquished.

Grand Total: 966 creatures vanquished

Notes
Turn   | Place    | Note
-------+----------+-------------------------------------------
     0 | D:1      | galech the Ogre Berserker began the quest for the Orb.
     0 | D:1      | Reached XP level 1. HP: 24/24 MP: 1/1
   115 | D:1      | Reached XP level 2. HP: 29/32 MP: 2/2
   577 | D:2      | Found a shadowy altar of Dithmenos.
   688 | D:2      | Reached XP level 3. HP: 40/40 MP: 3/3
  1130 | D:2      | Reached ** piety under Trog
  1198 | D:3      | Reached XP level 4. HP: 39/49 MP: 4/4
  1240 | D:3      | Noticed Terence
  1252 | D:3      | Killed Terence
  1252 | D:3      | Reached XP level 5. HP: 52/55 MP: 5/5
  1304 | D:3      | Noticed Jessica
  1318 | D:3      | Reached skill level 5 in Fighting
  1322 | D:3      | Killed Jessica
  1336 | D:3      | Found a shimmering altar of Xom.
  1773 | D:3      | Found a basalt altar of Yredelemnul.
  1825 | D:3      | Found a white marble altar of Elyvilon.
  1933 | D:3      | Noticed galech's ghost (amateur OgBe)
  1953 | D:3      | Killed galech's ghost
  1953 | D:3      | Reached skill level 1 in Shields
  1953 | D:3      | Reached XP level 6. HP: 13/66 MP: 6/6
  2270 | D:3      | Reached skill level 5 in Maces & Flails
  2270 | D:3      | Reached XP level 7. HP: 41/74 MP: 7/7
  3077 | D:4      | Reached skill level 1 in Stealth
  3112 | D:4      | Reached *** piety under Trog
  3211 | D:4      | Noticed Grinder
  3219 | D:4      | Killed Grinder
  3219 | D:4      | Reached XP level 8. HP: 84/84 MP: 8/8
  3297 | D:4      | Noticed jerryfan's ghost (novice HaGl)
  3306 | D:4      | Killed jerryfan's ghost
  3353 | D:5      | Entered Level 5 of the Dungeon
  3396 | D:5      | Noticed galech's ghost (novice OgBe)
  3453 | D:5      | Killed galech's ghost
  3453 | D:5      | Reached skill level 5 in Dodging
  3453 | D:5      | Reached XP level 9. HP: 12/93 MP: 9/9
  4278 | D:6      | Found an ornate altar of the Wu Jian Council.
  4603 | D:6      | Found a stormy altar of Qazlal.
  4610 | D:6      | Found a sparkling altar of Nemelex Xobeh.
  5488 | D:7      | Found a staircase to the Ecumenical Temple.
  5534 | D:7      | Reached **** piety under Trog
  5579 | D:7      | Found a shimmering altar of Xom.
  5913 | D:8      | Noticed a cyan ugly thing
  5925 | D:8      | Killed a cyan ugly thing
  5925 | D:8      | Reached skill level 5 in Shields
  5925 | D:8      | Reached XP level 10. HP: 104/104 MP: 10/10
  5927 | D:8      | Found a snail-covered altar of Cheibriados.
  6911 | D:8      | Found a staircase to the Lair.
  6973 | D:8      | Found Zin's Purification Station.
  6980 | D:8      | Found a glowing silver altar of Zin.
  7091 | D:8      | Bought a potion of curing for 90 gold pieces
  7251 | D:8      | Noticed a two-headed ogre
  7263 | D:8      | Killed a two-headed ogre
  8130 | D:9      | Reached skill level 10 in Maces & Flails
  8203 | D:9      | Reached ***** piety under Trog
  8235 | D:10     | Entered Level 10 of the Dungeon
  8432 | D:9      | Reached XP level 11. HP: 115/115 MP: 11/11
  8532 | D:9      | Found a bloodstained altar of Trog.
  8659 | D:9      | Noticed a two-headed ogre
  8667 | D:9      | Killed a two-headed ogre
  8691 | D:9      | Reached skill level 10 in Fighting
  8709 | D:9      | Found a radiant altar of Vehumet.
  8832 | D:9      | Received a gift from Trog
  9763 | D:9      | Noticed a two-headed ogre
  9769 | D:9      | Killed a two-headed ogre
 10007 | Lair:1   | Entered Level 1 of the Lair of Beasts
 11301 | Lair:1   | Reached XP level 12. HP: 126/126 MP: 12/12
 12315 | Lair:1   | Noticed Nergalle
 12331 | Lair:1   | Killed Nergalle
 12656 | Lair:2   | Found a hole to the Spider Nest.
 14191 | D:10     | Noticed a two-headed ogre
 14198 | D:10     | Killed a two-headed ogre
 14204 | D:10     | Noticed Maurice
 14248 | D:10     | Killed Maurice
 14581 | D:10     | Noticed Josephine
 14598 | D:10     | Noticed Erolcha
 14599 | D:10     | Killed Josephine
 14599 | D:10     | Reached skill level 10 in Shields
 14599 | D:10     | Reached XP level 13. HP: 90/137 MP: 13/13
 14616 | D:10     | Killed Erolcha
 15973 | Lair:3   | Noticed Rupert
 16002 | Lair:3   | Killed Rupert
 16368 | Lair:3   | Found a staircase to the Swamp.
 16921 | Lair:3   | You fall through a shaft for 3 floors!
 16921 | Lair:6   | Entered Level 6 of the Lair of Beasts
 16993 | Lair:4   | Noticed Harold
 17155 | Lair:4   | Killed Harold
 17361 | Lair:4   | Noticed Nessos
 18309 | Lair:4   | Killed Nessos
 18808 | Lair:5   | Found a shimmering altar of Xom.
 19136 | Lair:6   | Reached XP level 14. HP: 120/150 MP: 14/14
 19362 | Lair:6   | Reached skill level 10 in Dodging
 20862 | Lair:6   | Paralysed by a hornet for 3 turns
 21028 | Lair:6   | Received a gift from Trog
 21281 | Lair:6   | Paralysed by a hornet for 2 turns
 21668 | Lair:6   | Found a runed door.
 22303 | Lair:6   | Found a viscous altar of Jiyva.
 22304 | Lair:6   | Found a staircase to the Slime Pits.
 23018 | D:11     | Found a staircase to the Orcish Mines.
 23020 | D:11     | Found Ranyitont's Weapon Shop.
 23833 | D:11     | Identified a scroll of acquirement
 23865 | Orc:1    | Entered Level 1 of the Orcish Mines
 23977 | Orc:1    | Reached XP level 15. HP: 140/162 MP: 15/15
 24085 | Orc:1    | Found a dark tunnel.
 24092 | Volcano  | Entered a volcano
 25029 | Orc:1    | Received a gift from Trog
 25087 | Orc:1    | Found Neirel's Gadget Boutique.
 25102 | Orc:1    | Found Humun's Jewellery Emporium.
 25432 | Orc:1    | Found Peixamis's Magic Scroll Boutique.
 25440 | Orc:1    | Bought a scroll of teleportation for 39 gold pieces
 25440 | Orc:1    | Bought a scroll of identify for 26 gold pieces
 25440 | Orc:1    | Bought a scroll of acquirement for 676 gold pieces
 25440 | Orc:1    | Bought a scroll of identify for 26 gold pieces
 25440 | Orc:1    | Bought a scroll of teleportation for 39 gold pieces
 25440 | Orc:1    | Bought a scroll of identify for 26 gold pieces
 25440 | Orc:1    | Bought a scroll of identify for 26 gold pieces
 25543 | Orc:2    | Entered Level 2 of the Orcish Mines
 25554 | Orc:2    | Found a staircase to the Elven Halls.
 26607 | Orc:2    | Found Wyojit's Armour Shoppe.
 26607 | Orc:2    | Found Qiur's Assorted Antiques.
 26632 | Orc:2    | Found Cimop's Assorted Antiques.
 26634 | Orc:2    | Found Vetagig's Assorted Antiques.
 26639 | Orc:2    | Bought a scroll of enchant armour for 172 gold pieces
 26641 | Orc:2    | Bought 2 potions of curing for 144 gold pieces
 26641 | Orc:2    | Bought a potion of curing for 72 gold pieces
 26646 | Orc:2    | Bought a scroll of enchant weapon for 277 gold pieces
 26798 | Orc:1    | Bought a +2 amulet of reflection for 97 gold pieces
 27572 | D:12     | Received a gift from Trog
 28475 | D:13     | Found a frozen archway.
 28593 | IceCv    | Entered an ice cave
 29297 | D:13     | Received a gift from Trog
 31248 | D:14     | Reached XP level 16. HP: 162/174 MP: 16/16
 31273 | D:14     | Found a gate to the Vaults.
 31437 | D:14     | Reached skill level 15 in Fighting
 31840 | D:15     | Entered Level 15 of the Dungeon
 31896 | D:15     | Reached skill level 15 in Maces & Flails
 31898 | D:15     | Found a staircase to the Depths.
 32982 | Depths:1 | Entered Level 1 of the Depths
 32997 | Depths:1 | Reached ****** piety under Trog
 33889 | Depths:1 | Found a gateway to a ziggurat.
 33892 | Depths:1 | Paralysed by a floating eye for 4 turns
 33898 | Depths:1 | Paralysed by a floating eye for 4 turns
 34190 | Depths:1 | Reached XP level 17. HP: 135/187 MP: 17/17
 34421 | Depths:1 | Reached skill level 1 in Armour
 34448 | Depths:1 | Paralysed by a floating eye for 2 turns
 34881 | Depths:1 | You fall through a shaft!
 35241 | Depths:2 | Received a gift from Trog
 35428 | Depths:2 | Found a gateway to Hell.
 35541 | Depths:2 | Noticed a lich
 35548 | Depths:2 | Killed a lich
 36202 | Depths:1 | Got a sparkling garnet amulet
 36405 | Depths:1 | Paralysed by a floating eye for 3 turns
 36412 | Depths:1 | Paralysed by a floating eye for 4 turns
 36420 | Depths:1 | Paralysed by a floating eye for 2 turns
 36423 | Depths:1 | Paralysed by a floating eye for 4 turns
 36640 | Depths:1 | Paralysed by a floating eye for 4 turns
 36647 | Depths:1 | Paralysed by a floating eye for 4 turns
 37796 | Depths:1 | Identified the amulet of Eruikam {RegenMP rElec rN+ Dex+5} (You took it off a tengu reaver on level 1 of the Depths)
 38695 | Depths:2 | Killed from afar by an ice dragon

Vault maps used:
D:1:      nzn_arrival_water_spiral
D:2:      grunt_dithmenos_smoke_and_mirrors, hangedman_glass_garden
D:3:      wad_crossroads, kennysheep_ying_yang, nicolae_overflow_crystal_walls,
          first_ration, uniq_jessica, uniq_terence
D:4:      serial_park_tiny_2, minivault_26, uniq_grinder
D:5:      serial_corexii_hall, corexii_hall_statues_l, corexii_hall_statues_s,
          corexii_hall_statues_i, hangedman_abyss_or_decor_stabs
D:6:      nicolae_overflow_hidden_temple, kennysheep_mini_moat,
          nemelex_xobeh_ov_fountains_minmay, serial_glass, glass_columns_a,
          glass_columns_c, glass_columns_c, glass_columns_c, glass_columns_b,
          glass_columns_a, glass_columns_a, glass_columns_a, basic_altar,
          kennysheep_nub
D:7:      minmay_temple_entry_statues_fountains, basic_altar
D:8:      zin_purify, slow_altar_1, lair_entry_dummy
D:9:      minmay_quarter_circles, lemuel_round_altar, bloody_trog
D:10:     hangedman_pestilent_swarm, uniq_maurice, uniq_josephine, uniq_erolcha
D:11:     orc_david_3
D:12:     grunt_decor_clamped, serial_bayou_ford_a
D:13:     portal_ice_cave_entry_imps
D:14:     hangedman_vaults_entry_quadrant_bands, kennysheep_crisscross, hex_tiny
D:15:     gammafunk_depths_entry_grave, minmay_misc_feat_plants
Lair:1:   kb_forest_paths, lemuel_old_faithful, uniq_nergalle
Lair:2:   nicolae_spider_entry_non_spiders
Lair:3:   minmay_swamp_entry_wisps, grunt_megastairs_1, uniq_rupert
Lair:4:   lemuel_fruit_fields, grunt_megastairs_2, uniq_nessos, uniq_harold
Lair:5:   kb_xom_exploding_sheep
Lair:6:   wormcave, hangedman_lair_tendril_chambers,
          dpeg_slime_entry_enclosed_altar, cheibrodos_lair_lostbears,
          lemuel_fruit_tree
Orc:1:    nicolae_volcano_entry_hallway, serial_shops, nicolae_shop_stone, shop,
          shop
Orc:2:    st_orc_rangers
Depths:1: enter_ziggurat_c, nicolae_sextant, grunt_hell_entry_dis_grunt,
          minmay_misc_feat_rugged
Depths:2: hangedman_crystal_crosses_colossus, hell_entry, abyss_entry,
          uniq_asterion, uniq_mara
IceCv:    ice_cave_tombish
Volcano:  volcano_aerie

Skill      XL: |  1  2  3  4  5  6  7  8  9 10 11 12 13 14 15 16 17 |
---------------+----------------------------------------------------+-----
Maces & Flails | 3 4 5 6 7 9 10 11 12 13 14 15 16 | 16.2
Dodging        | 3 4 5 6 7 8 9 10 11 12 | 12.3
Fighting       | 5 6 7 8 9 10 11 12 13 14 15 16 | 16.6
Shields        | 1 2 3 5 6 8 10 11 12 13 14 | 14.7
Stealth        | 1 2 3 4 |  4.9
Armour         | 4 |  4.0
Evocations     | |  0.4

Action                   |  1- 3 |  4- 6 |  7- 9 | 10-12 | 13-15 | 16-18 || total
-------------------------+-------+-------+-------+-------+-------+-------++-------
Melee: Mace              |   111 |    19 |       |       |       |       ||   130
       Flail             |       |    89 |   305 |  1143 |  1822 |       ||  3359
       Eveningstar       |       |       |       |       |   303 |   575 ||   878
Invok: Berserk           |       |     3 |     6 |    18 |    21 |     7 ||    55
       Trog's Hand       |       |     2 |     3 |    13 |    19 |    12 ||    49
Evoke: Wand              |       |       |       |       |    10 |       ||    10
  Use: Scroll            |       |       |       |    11 |    28 |     3 ||    42
       Potion            |       |       |       |       |     3 |       ||     3
 Stab: Sleeping          |       |     1 |     1 |     5 |    12 |     2 ||    21
       Distracted        |       |       |       |     1 |     4 |       ||     5
  Eat: Chunk             |     1 |     7 |    12 |    40 |    46 |    21 ||   127
       Ration            |       |       |     2 |     3 |    11 |     4 ||    20
Armor: Animal skin       |    50 |    31 |    60 |   225 |     2 |       ||   368
       Robe              |       |       |       |       |   232 |    21 ||   253
       Fire dragon scale |       |       |       |       |       |    24 ||    24
Dodge: Dodged            |    92 |    43 |    59 |   259 |   640 |   171 ||  1264
Block: Large shield      |       |    40 |   202 |   904 |  1734 |   444 ||  3324
       Reflection        |       |       |       |       |    24 |    45 ||    69

Table legend:
 A = Spawn XP
 B = Non-spawn XP
 C = Spawn XP percentage of total XP
 D = Spawn monster count
 E = Non-spawn monster count
 F = Spawn count percentage of total count
 G = Total turns spent on level
                    A         B        C        D         E        F      G
               +---------+---------+-------+---------+---------+-------+---------
         Total |       0 |  224244 |   0.0 |       0 |     886 |   0.0 | 38695
               +---------+---------+-------+---------+---------+-------+---------
           D:1 |       0 |      24 |   0.0 |       0 |      10 |   0.0 |   664
           D:2 |       0 |      56 |   0.0 |       0 |      20 |   0.0 |   527
           D:3 |       0 |     575 |   0.0 |       0 |      41 |   0.0 |  1482
           D:4 |       0 |     931 |   0.0 |       0 |      14 |   0.0 |   680
           D:5 |       0 |    1382 |   0.0 |       0 |      19 |   0.0 |   817
           D:6 |       0 |     752 |   0.0 |       0 |      13 |   0.0 |  1052
           D:7 |       0 |     673 |   0.0 |       0 |      14 |   0.0 |   691
           D:8 |       0 |    6700 |   0.0 |       0 |      78 |   0.0 |  3005
           D:9 |       0 |    6348 |   0.0 |       0 |      65 |   0.0 |  2457
          D:10 |       0 |    7871 |   0.0 |       0 |      37 |   0.0 |  1376
          D:11 |       0 |    6296 |   0.0 |       0 |      24 |   0.0 |  1027
          D:12 |       0 |   10666 |   0.0 |       0 |      40 |   0.0 |  1448
          D:13 |       0 |    7224 |   0.0 |       0 |      40 |   0.0 |  1377
          D:14 |       0 |   15824 |   0.0 |       0 |      41 |   0.0 |  1469
          D:15 |       0 |   22577 |   0.0 |       0 |      43 |   0.0 |  1488
        Lair:1 |       0 |    6633 |   0.0 |       0 |      31 |   0.0 |  1631
        Lair:2 |       0 |    3329 |   0.0 |       0 |      24 |   0.0 |  1308
        Lair:3 |       0 |    7005 |   0.0 |       0 |      30 |   0.0 |  1728
        Lair:4 |       0 |    9328 |   0.0 |       0 |      22 |   0.0 |  1272
        Lair:5 |       0 |    2220 |   0.0 |       0 |       6 |   0.0 |   784
        Lair:6 |       0 |   24797 |   0.0 |       0 |      83 |   0.0 |  3379
         Orc:1 |       0 |    5156 |   0.0 |       0 |      44 |   0.0 |  1177
         Orc:2 |       0 |    4818 |   0.0 |       0 |      41 |   0.0 |   935
      Depths:1 |       0 |   38743 |   0.0 |       0 |      47 |   0.0 |  4013
      Depths:2 |       0 |   25655 |   0.0 |       0 |      23 |   0.0 |  1354
         IceCv |       0 |    4512 |   0.0 |       0 |      21 |   0.0 |   668
       Volcano |       0 |    4149 |   0.0 |       0 |      15 |   0.0 |   886
               +---------+---------+-------+---------+---------+-------+---------
